 Dungeon Crawl Stone Soup version 0.23-a0-136-g722f094 (webtiles) character file.

51 EvilAliv3 the Magician (level 3, -1/31 HPs)
             Began as a Deep Dwarf Wizard on Aug 27, 2018.
             Slain by a crocodile (8 damage)
             ... in a sewer.
             The game lasted 00:20:25 (1596 turns).

EvilAliv3 the Magician (Deep Dwarf Wizard)          Turns: 1596, Time: 00:20:26

Health: -1/31      AC:  3    Str: 10    XL:     3   Next: 58%
Magic:  0/7        EV: 12    Int: 19    God:
Gold:   86         SH:  0    Dex: 11    Spells: 3/8 levels left

rFire    . . .     SeeInvis .   c - +0 spear
rCold    . . .     Gourm    .   (no shield)
rNeg     . . .     Faith    .   a - +0 robe
rPois    .         Spirit   .   b - +1 hat
rElec    .         Reflect  .   (no cloak)
rCorr    .         Harm     .   (no gloves)
MR       .....                  (no boots)
Stlth    ++........             (no amulet)
HPRegen  0.00/turn              (no ring)
MPRegen  0.10/turn              (no ring)

@: non-regenerating
A: damage resistance, heal wounds, sense surroundings 1, no regeneration
a: Heal Wounds


You were in a sewer.
You were not hungry.

You visited 1 branch of the dungeon, and saw 4 of its levels.
You also visited: Sewer.

You collected 86 gold pieces.

Inventory:

Hand Weapons
 c - a +0 spear (weapon)
 t - a +0 whip of venom
Armour
 a - a +0 robe (worn)
 b - a +1 hat (worn)
 i - a +0 ring mail
 l - a +0 robe
 n - a +0 leather armour
Jewellery
 h - an uncursed amulet of the acrobat {unknown}
 q - a +5 ring of dexterity {unknown}
 s - an uncursed amulet of the gourmand {unknown}
Scrolls
 k - 2 scrolls of amnesia
 m - a scroll of identify
Potions
 e - 2 potions of curing
 g - a potion of berserk rage {unknown}
 r - a potion of lignification {unknown}
Comestibles
 d - 4 rations
 f - 2 chunks of flesh


   Skills:
 + Level 1.0 Fighting
 + Level 2.7 Dodging
 - Level 2.4 Stealth
 + Level 3.0 Spellcasting
 * Level 2.0 Conjurations
 + Level 1.0 Summonings
 + Level 1.2 Translocations


You had 3 spell levels left.
You knew the following spells:

 Your Spells              Type           Power        Failure   Level  Hunger
a - Magic Dart            Conj           ##..         7%          1    None
b - Call Imp              Summ           #.......     16%         2    ##.....
c - Blink                 Tloc           N/A          14%         2    ##.....

Your spell library contained the following spells:

 Spells                   Type           Power        Failure   Level  Hunger
 Slow                     Hex            #.......     22%         2    ##.....
 Conjure Flame            Conj/Fire      #.......     30%         3    ###....
 Mephitic Cloud           Conj/Pois/Air  #.......     34%         3    ###....


Dungeon Overview and Level Annotations

Branches:
Dungeon (4/15)
 Temple: D:4-7

Altars:
Uskayaw


Innate Abilities, Weirdness & Mutations

You are resistant to damage.
You can heal yourself by infusing magical energy.
You passively map a small area around you.
You do not regenerate.


Message History

You don't know that spell.
Casting: Magic Dart (safe; 7% risk of failure)
Confirm with . or Enter, or press ? or * to list all spells.
You don't have enough magic to cast that spell.
Casting: Magic Dart (safe; 7% risk of failure)
Confirm with . or Enter, or press ? or * to list all spells.
Aiming: Magic Dart (safe; 7% risk of failure)
Press: ? - help, Shift-Dir - straight line, f/p - crocodile
Aim: a crocodile (water, severely wounded)
The magic dart hits the crocodile.
The crocodile is severely wounded.
The crocodile barely misses you.
You barely miss the crocodile.
The crocodile is severely wounded.
Your crimson imp hits the crocodile.
The crocodile barely misses you.
You hit the crocodile but do no damage.
The crocodile is almost dead.
Your crimson imp disappears in a puff of smoke!
The crocodile bites you!
You die...

#..$($.. #.......
#....... *.......
..... ... #######
*#.# * ##.....## #.#
##..@t...## #.#
##...§≈≈...#######.#
#.∩.≈≈≈≈≈..........#
##...≈≈≈...#######.#
##...≈...## #.#
##.....## #.#
####### #.# #.# #.#


You could see a crocodile.

Vanquished Creatures
  An adder (D:2)
  2 dart slugs (D:1)
  A leopard gecko (D:3)
  3 ball pythons (D:1)
  7 bats
  A giant cockroach (D:1)
  3 hobgoblins (D:1)
  7 jackals (D:1)
  4 frilled lizards
  3 kobolds
  5 rats
37 creatures vanquished.

Vanquished Creatures (collateral kills)
  A dart slug (D:4)
  A giant cockroach (D:3)
  A goblin (D:2)
  2 bats (Sewer)
5 creatures vanquished.

Grand Total: 42 creatures vanquished

Notes
Turn   | Place    | Note
-------+----------+-------------------------------------------
     0 | D:1      | EvilAliv3 the Deep Dwarf Wizard began the quest for the
                  | Orb.
     0 | D:1      | Reached XP level 1. HP: 15/15 MP: 4/4
    47 | D:1      | Reached skill level 1 in Conjurations
    69 | D:1      | Reached XP level 2. HP: 6/24 MP: 0/5
   733 | D:1      | Reached XP level 3. HP: 26/30 MP: 4/7
   778 | D:1      | Learned a level 2 spell: Call Imp
   781 | D:1      | Learned a level 2 spell: Blink
   816 | D:1      | Reached skill level 1 in Fighting
  1214 | D:2      | You fall through a shaft for 2 floors!
  1331 | D:4      | Reached skill level 3 in Spellcasting
  1373 | D:3      | Found a hide-covered altar of Uskayaw.
  1373 | D:3      | Noticed a dagger
  1376 | D:3      | Noticed a dagger
  1402 | D:3      | Reached skill level 1 in Summonings
  1428 | D:3      | Found a glowing drain.
  1436 | Sewer    | Entered a sewer
  1559 | Sewer    | Noticed a crocodile
  1596 | Sewer    | Slain by a crocodile

Vault maps used:
D:1:      sevenhm_arrival_forest_fort_large_4
D:3:      lemuel_round_altar, dancing_weapons_uskayaw, portal_sewer_entry_f
D:4:      kennysheep_vampire_church, kennysheep_little_box, first_ration,
          led_xom_imps
Sewer:    sewer_big_baddie

Skill      XL: |  1  2  3 |
---------------+----------+-----
Conjurations   | 1 2 |  2.0
Fighting       | 1 |  1.0
Spellcasting   | 3 |  3.0
Summonings     | 1 |  1.0
Dodging        | |  2.7
Stealth        | |  2.4
Translocations | |  1.2

Action                   || total
-------------------------++-------
Melee: Spear             ||    69
 Cast: Magic Dart        ||    65
       Call Imp          ||    14
 Abil: Heal Wounds       ||     1
  Use: Scroll            ||     6
  Eat: Chunk             ||     3
Armor: Robe              ||    33
Dodge: Dodged            ||    83

Table legend:
 A = Non-vault XP
 B = Vault XP
 C = Vault XP percentage of total XP
 D = Non-vault monster count
 E = Vault monster count
 F = Vault count percentage of total count
                 A         B        C        D         E       F
            +---------+---------+-------+---------+---------+-------
      Total |      64 |      10 |  13.5 |      35 |       7 |  16.7
            +---------+---------+-------+---------+---------+-------
        D:1 |      49 |       0 |   0.0 |      28 |       0 |   0.0
        D:2 |      11 |       0 |   0.0 |       5 |       0 |   0.0
        D:3 |       0 |       3 | 100.0 |       0 |       2 | 100.0
        D:4 |       4 |       0 |   0.0 |       2 |       0 |   0.0
      Sewer |       0 |       7 | 100.0 |       0 |       5 | 100.0
            +---------+---------+-------+---------+---------+-------
